 Dungeon Crawl Stone Soup version 0.19.1-1-g22dce08 (webtiles) character file.

87087 theAP the Bludgeoner (level 15, -9/92 HPs)
             Began as a Demonspawn Chaos Knight on Jan 1, 2017.
             Mangled by a cyclops (19 damage)
             ... on level 15 of the Dungeon.
             The game lasted 03:18:59 (27438 turns).

theAP the Bludgeoner (Demonspawn Chaos Knight)     Turns: 27438, Time: 03:19:01

Health: -9/92      AC: 24    Str: 18    XL:     15   Next: 42%
Magic:  18/18      EV: 14    Int: 24    God:    Xom [.....*]
Gold:   1771       SH: 19    Dex: 18    Spells: 0 memorised, 14 levels left

rFire  + + .     SeeInvis +     Q - +6 flail "ETAOIN SHRDLU" {freeze, rElec rF+}
rCold  . . .     Gourm    +     E - +8 chain mail of Mysticism {Int+5}
rNeg   . . .     Faith    .     H - +1 shield
rPois  .         Spirit   .     (helmet unavailable)
rElec  +         Reflect  .     b - +0 cloak
rCorr  .         Harm     .     U - +0 pair of gloves
MR     +++..                    (boots unavailable)
Stlth  ..........               o - amulet of the gourmand
                                x - +4 ring of dexterity
                                T - +4 ring of evasion

@: very slightly contaminated
A: antennae 3, claws 1, hooves 3, large bone plates 2, agile 1, blink, clever 2,
demonic guardian 2, fire resistance 1, frail 2, magic resistance 2, sense
surroundings 1, shaggy fur 1, spiny 3
a: Blink, Renounce Religion


You were on level 15 of the Dungeon.
You worshipped Xom.
You were Xom's teddy bear.
You were hungry.

You visited 2 branches of the dungeon, and saw 21 of its levels.
You also visited: Ossuary and Bailey.

You collected 1771 gold pieces.

Inventory:

Hand Weapons
 J - a +6 mace of freezing
 Q - the +6 flail "ETAOIN SHRDLU" (weapon) {freeze, rElec rF+}
   (You found it on level 8 of the Dungeon)

   It has been specially enchanted to freeze those struck by it, causing extra
   injury to most foes and up to half again as much damage against particularly
   susceptible opponents.
   It can also slow down cold-blooded creatures.
   It protects you from fire.
   It insulates you from electricity.
Armour
 b - a +0 cloak (worn)
 t - a +2 pair of boots of running
 A - a +1 scale mail of magic resistance
 E - the +8 chain mail of Mysticism (worn) {Int+5}
   (You found it on level 7 of the Dungeon)

   It affects your intelligence (+5).
 H - a +1 shield (worn)
 I - a +0 pair of gloves
 U - a +0 pair of gloves (worn)
Jewellery
 g - an uncursed amulet of guardian spirit
 o - an amulet of the gourmand (around neck)
 x - a +4 ring of dexterity (right hand)
 T - a +4 ring of evasion (left hand)
Wands
 d - a wand of teleportation (7/9)
 e - a wand of flame (13/48)
 p - a wand of paralysis (6/24)
 q - a wand of disintegration (0/24)
 u - a wand of polymorph (15/24)
 y - a wand of flame (7/48)
 L - a wand of iceblast (3/15)
 R - a wand of digging (1/24)
 V - a wand of acid (0/15)
 Z - a wand of acid (0/15)
Scrolls
 l - 3 scrolls of fog
 n - 4 scrolls of teleportation
 r - 3 scrolls of recharging
 w - a scroll of blinking
 B - 4 scrolls of fear
 D - a scroll of magic mapping
 G - 6 scrolls of amnesia
 K - 6 scrolls of remove curse
 O - a scroll of summoning
Potions
 a - 2 potions of invisibility
 i - 5 potions of brilliance
 j - 2 potions of haste
 v - 2 potions of agility
 z - 3 potions of flight
 C - a potion of berserk rage
 M - a potion of degeneration {unknown}
 W - a potion of curing
 X - 3 potions of lignification {unknown}
Books
 h - a book of Minor Magic

   Spells                             Type                      Level
   a - Magic Dart                     Conjuration                  1
   b - Blink                          Translocation                2
   c - Call Imp                       Summoning                    2
   d - Repel Missiles                 Charms/Air                   2
   e - Slow                           Hexes                        2
   f - Conjure Flame                  Conjuration/Fire             3
   g - Mephitic Cloud                 Conjuration/Poison/Air       3
 s - a book of the Earth

   Spells                             Type                      Level
   a - Leda's Liquefaction            Hexes/Earth                  4
   b - Bolt of Magma                  Conjuration/Fire/Earth       5
   c - Statue Form                    Transmutation/Earth          6
   d - Iron Shot                      Conjuration/Earth            6
   e - Shatter                        Earth                        9
Miscellaneous
 F - 2 phantom mirrors
 S - a disc of storms
 Y - a lamp of fire
Comestibles
 c - 13 bread rations
 f - 20 meat rations
 k - 16 fruits
 m - 15 royal jellies
 P - 9 slices of pizza


   Skills:
 + Level 10.2 Fighting
 * Level 15.7 Maces & Flails
 * Level 11.8 Armour
 * Level 6.4 Dodging
 + Level 4.6 Stealth
 + Level 10.4 Shields
 + Level 0.3 Unarmed Combat
 * Level 4.9 Evocations


You had 14 spell levels left.
You didn't know any spells.

Dungeon Overview and Level Annotations

Branches:
Dungeon (15/15) Temple (0/1) D:6 Lair (6/6) D:9 Shoals (0/4) Lair:4 Spider (0/4) Lair:3 Slime (0/5) Lair:5 Orc (0/2) D:12 Vaults (0/5) D:13 D:14 Depths: D:15

Altars:
Elyvilon
Makhleb
Okawaru
Uskayaw
Vehumet
Xom
The Shining One
Beogh

Shops:
D:10 *   D:12 :   D:15 :

Portals:
Trove: D:12 (give +6 demon trident)


Innate Abilities, Weirdness & Mutations

You have a pair of large antennae on your head. (SInv)
You are mostly covered in large bone plates. (SH +6)
A demonic guardian rushes to your aid.
You are completely covered in sharp spines.
You have sharp fingernails.
You have hooves in place of feet.
You are agile. (Dex +2)
You can translocate small distances at will.
Your mind is very acute. (Int +4)
Your flesh is heat resistant. (rF+)
You are very frail. (-20% HP)
You are highly resistant to hostile enchantments. (MR++)
You passively map a small area around you.
You are covered in fur. (AC +1)


Message History

You block the centaur warrior simulacrum's attack.
You hit the centaur warrior simulacrum.
The centaur warrior simulacrum is moderately damaged.
The centaur warrior simulacrum is struck by your spines.
The centaur warrior simulacrum hits you but does no damage.
You sock the centaur warrior simulacrum!
The centaur warrior simulacrum vapourises!
You are no longer corroded.
The cyclops throws a large rock.
The large rock closely misses you.
Unknown command.
Really walk into that cloud of freezing vapour?
Okay, then.
The cyclops throws a large rock.
You block the large rock.
You see here a large rock.
You barely miss the cyclops. You hit the cyclops. You freeze the cyclops.
You kick the cyclops, but do no damage.
The cyclops is lightly wounded.
The cyclops is struck by your spines. The cyclops hits you!!
You die...

###......###.......8..# *
##............<.....#
#####..............#
#######..#...........#####
#..............[).........
* ###.#########.######## *
*{ #....#* ##∆#.#∆*# ,
{#...###∆∆ *#.##.##.#* ,,
,#..# ∆∆∆∆ ∆#@C...#∆ * * *
, #.# ∆∆∆ ###(..#.###.#
... ∆, ∆∆#....##.##..... *
∆ *..# , ∆ #.###.#...###,
.. ∆ *∆#.....#∆ **
#.##.##.# ,, #. , , *#
∆#(#∆## * ..# ,
#####.##### * #z##
#....[....# #{...


You could see a cyclops.

Vanquished Creatures
  2 tengu reavers (D:15)
  Roxanne (D:14)
  A dire elephant (Lair:4)
  An ettin (D:15)
  Josephine (Lair:4)
  7 hydras
  A catoblepas (Lair:5)
  3 centaur warriors
  14 death yaks
  Urug (Lair:4)
  Sonja (D:14)
  A flayed ghost (D:15)
  A sea snake (shapeshifter) (D:14)
  3 skeletal warriors (D:13)
  The ghost of Vajrapani the Spear-Bearer, a novice HuFi of Kikubaaqudgha (D:7)
  A wizard (D:14)
  2 unseen horrors
  4 hill giants
  A phantasmal warrior (D:15)
  2 deep elf magi
  2 manticores
  5 ugly things (D:14)
  2 orc knights
  2 elephants (Lair:6)
  4 centaur zombies
  An elephant (shapeshifter) (D:15)
  5 black mambas
  A torpor snail (Lair:3)
  11 spiny frogs
  Psyche (D:9)
  2 gargoyles
  4 rime drakes
  3 kobold demonologists
  5 komodo dragons
  2 two-headed ogres
  9 polar bears
  5 trolls
  A troll (shapeshifter) (Lair:6)
  A queen bee (Lair:3)
  5 tengu conjurers
  2 raiju (Lair:6)
  7 blink frogs (Lair:6)
  6 slime creatures (D:13)
  8 dream sheep
  7 hippogriffs
  2 centaur simulacra (D:15)
  Sigmund (D:4)
  A shadow (D:14)
  8 wyverns
  4 wraiths
  A vampire (D:11)
  7 basilisks
  16 humans
  Grum (D:8)
  34 yaks
  2 vampire mosquitoes (D:14)
  7 wargs (Lair:6)
  Menkaure (D:5)
  11 water moccasins
  5 hell hounds (Lair:6)
  12 porcupines
  2 sky beasts
  2 phantoms
  10 black bears (Lair:6)
  10 orc warriors
  An eye of draining (D:14)
  4 ice beasts
  14 wolves
  6 ogres
  16 crocodiles
  13 centaurs
  5 big kobolds
  11 bullfrogs
  3 water moccasin zombies (Ossuary)
  A wyvern skeleton (D:12)
  2 scorpions
  27 killer bees
  8 wights
  5 howler monkeys
  7 crimson imps
  A bullfrog zombie (D:13)
  20 hounds
  A quasit (D:10)
  2 jellies
  9 orc priests
  9 orc wizards
  2 bullfrog skeletons (D:8)
  4 centaur skeletons
  3 gnoll shamans
  8 iguanas
  10 worker ants
  Natasha (D:2)
  Terence (D:2)
  A hound zombie (D:10)
  3 mummies
  3 hound skeletons
  A howler monkey zombie (D:11)
  A worker ant zombie (D:10)
  26 gnolls
  10 adders
  A river rat (Lair:6)
  3 shadow imps
  4 adder zombies (Ossuary)
  4 worms
  3 dart slugs
  A leopard gecko (D:1)
  25 orcs
  7 giant cockroaches
  A gnoll zombie (Ossuary)
  35 hobgoblins
  7 jackals
  8 quokkas
  A ball python (D:1)
  5 bats
  3 frilled lizards
  32 goblins
  A goblin zombie (D:8)
  8 hobgoblin zombies
  22 kobolds
  3 kobold zombies (Ossuary)
  A leopard gecko skeleton (D:6)
  7 orc zombies (Ossuary)
  7 rats
  7 fungi (Lair:6)
  4 plants
726 creatures vanquished.

Vanquished Creatures (collateral kills)
  A deep elf sorcerer (D:15)
  A fire giant (D:15)
  A deep elf annihilator (D:15)
  A centaur warrior (D:14)
  A death yak (Lair:6)
  A skeletal warrior (D:13)
  A cyclops (D:12)
  An ugly thing (D:15)
  A gargoyle (D:14)
  3 spiny frogs
  A polar bear (Lair:6)
  3 blink frogs (Lair:6)
  Grinder (D:5)
  2 dream sheep (Lair:6)
  3 hippogriffs
  A wyvern (D:15)
  A hungry ghost (D:7)
  2 water moccasins
  2 black bears (Lair:6)
  2 ogres
  2 crocodiles (Lair:6)
  3 centaurs
  2 big kobolds
  4 bullfrogs
  A scorpion (D:12)
  3 killer bees (Lair:3)
  4 hounds
  An orc priest (D:7)
  Natasha (twice) (D:2)
  2 orc wizards
  4 gnolls (D:8)
  3 adders
  5 orcs
  A giant cockroach (D:2)
  2 goblins (D:3)
  4 hobgoblins
  3 jackals (D:2)
  A quokka (D:2)
  A frilled lizard (D:5)
  5 kobolds
  A fungus (Lair:6)
84 creatures vanquished.

Vanquished Creatures (others)
  A dancing weapon (D:15)
  A yak (Lair:2)
  2 wolves (Lair:4)
  An iguana (D:9)
  2 orc wizards
  An adder (D:9)
  A dart slug (D:4)
  An orc (D:4)
  A jackal (D:9)
  2 quokkas
  3 bushes
  17 fungi
  29 plants
62 creatures vanquished.

Grand Total: 872 creatures vanquished

Notes
Turn   | Place    | Note
-------+----------+-------------------------------------------
     0 | D:1      | theAP the Demonspawn Chaos Knight began the quest for the Orb.
     0 | D:1      | Reached XP level 1. HP: 18/18 MP: 1/1
    37 | D:1      | XOM: divination: detect items
   162 | D:1      | Gained mutation: A weak demonic guardian rushes to your aid. [demonic ancestry]
   162 | D:1      | Reached XP level 2. HP: 18/24 MP: 2/2
   187 | D:1      | Found an iron altar of Okawaru.
   196 | D:1      | XOM: potion effect (might)
   198 | D:1      | Reached skill level 3 in Maces & Flails
   228 | D:1      | XOM: divination: magic mapping
   591 | D:2      | XOM: silly message
   595 | D:2      | Noticed Natasha
   602 | D:2      | XOM: confuse monster(s)
   613 | D:2      | Killed Natasha
   613 | D:2      | Gained mutation: You are partially covered in large bone plates. (SH +4) [demonic ancestry]
   613 | D:2      | Reached XP level 3. HP: 3/29 MP: 3/3
   694 | D:2      | Reached XP level 4. HP: 22/37 MP: 4/4
   695 | D:2      | Noticed Natasha
   699 | D:2      | Killed Natasha
   791 | D:2      | Noticed Natasha
   818 | D:2      | Gained mutation: You are agile. (Dex +2) [potion of mutation]
   818 | D:2      | Gained mutation: You have a pair of small antennae on your head. [potion of mutation]
   818 | D:2      | Gained mutation: You have a beak for a mouth. [potion of mutation]
   822 | D:2      | Killed Natasha
  1193 | D:2      | Reached skill level 4 in Maces & Flails
  1203 | D:2      | Noticed Terence
  1224 | D:2      | Killed Terence
  1224 | D:2      | Gained mutation: You have a pair of antennae on your head. [demonic ancestry]
  1224 | D:2      | Reached XP level 5. HP: 28/42 MP: 5/5
  1311 | D:2      | XOM: divination: detect items
  1509 | D:2      | XOM: mild Tmut miscast
  1509 | D:2      | XOM: smoke on damage
  1589 | D:3      | Found a faded altar of an unknown god.
  1714 | D:3      | XOM: medium Fire miscast
  1791 | D:3      | XOM: divination: detect creatures
  1798 | D:3      | XOM: divination: magic mapping
  2114 | D:3      | XOM: divination: detect items
  2141 | D:3      | Found a radiant altar of Vehumet.
  2563 | D:3      | XOM: chaos upgrade
  2661 | D:3      | XOM: polymorph goblin -> dart slug
  2710 | D:3      | Reached XP level 6. HP: 47/48 MP: 6/6
  2802 | D:3      | XOM: smoke on damage
  2970 | D:3      | Reached skill level 5 in Maces & Flails
  3100 | D:3      | XOM: fog
  3146 | D:3      | XOM: enchant monster (good)
  3304 | D:3      | XOM: god gift: pair of glowing boots {god gift}
  3314 | D:3      | Identified a +1 pair of boots of running (Xom gifted it to you on level 3 of the Dungeon)
  3325 | D:3      | XOM: stat loss: -1 Str (13/14)
  3824 | D:4      | Noticed Sigmund
  3864 | D:4      | Killed Sigmund
  3864 | D:4      | Gained mutation: You have a pair of large antennae on your head. (SInv) [demonic ancestry]
  3864 | D:4      | Reached XP level 7. HP: 55/55 MP: 7/7
  3887 | D:4      | Gained mutation: You are very agile. (Dex +4) [potion of beneficial mutation]
  3963 | D:4      | Reached skill level 6 in Maces & Flails
  3963 | D:4      | XOM: fog
  3991 | D:4      | XOM: destruction
  4201 | D:4      | XOM: potion effect (brilliance)
  4460 | D:4      | XOM: summons 4 hostile shadow creatures
  4540 | D:4      | Found a hide-covered altar of Uskayaw.
  4540 | D:4      | Noticed a dagger
  4541 | D:4      | Noticed a dagger
  4646 | D:4      | Gained mutation: You are somewhat resistant to further mutation. [mutagenic meat]
  4697 | D:5      | Entered Level 5 of the Dungeon
  4711 | D:5      | XOM: god gift: 6 meat rations
  4737 | D:5      | Noticed Menkaure
  4742 | D:5      | XOM: cleaving
  4747 | D:5      | Killed Menkaure
  4748 | D:5      | XOM: cleaving
  4892 | D:5      | Reached skill level 7 in Maces & Flails
  4959 | D:5      | Noticed Grinder
  4962 | D:5      | XOM: enchant monster (bad)
  4963 | D:5      | Paralysed by Grinder for 4 turns
  4974 | D:5      | Paralysed by Grinder for 2 turns
  4986 | D:5      | Killed Grinder
  4986 | D:5      | Reached skill level 5 in Fighting
  4986 | D:5      | Gained mutation: You are partially covered in sharp spines. [demonic ancestry]
  4986 | D:5      | Reached XP level 8. HP: 52/62 MP: 8/8
  5010 | D:5      | XOM: give mutations
  5010 | D:5      | Lost mutation: You are somewhat resistant to further mutation. [Xom's mischief]
  5010 | D:5      | Gained mutation: Scrolls take you a little longer to read. [Xom's mischief]
  5309 | D:5      | XOM: harmless Erth miscast
  5418 | D:5      | XOM: give mutations
  5418 | D:5      | Gained mutation: You occasionally shout uncontrollably at your foes. [Xom's mischief]
  5418 | D:5      | Lost mutation: You have a pair of large antennae on your head. (SInv) [Xom's mischief]
  5422 | D:5      | XOM: medium Divn miscast
  5636 | D:6      | Found a staircase to the Ecumenical Temple.
  5704 | D:6      | Reached skill level 8 in Maces & Flails
  6162 | D:6      | XOM: fog
  6303 | D:7      | Reached skill level 5 in Armour
  6306 | D:7      | XOM: cast spell 'Summon Hydra'
  6311 | D:7      | XOM: summons friendly crimson imp
  6379 | D:7      | Gained mutation: You are mostly covered in sharp spines. [demonic ancestry]
  6379 | D:7      | Reached XP level 9. HP: 41/68 MP: 9/9
  6427 | D:7      | Noticed Vajrapani's ghost (novice HuFi)
  6443 | D:7      | XOM: 2-stop teleportation journey
  6475 | D:7      | Reached skill level 9 in Maces & Flails
  6476 | D:7      | XOM: summons 5 friendly demons
  6497 | D:7      | Killed Vajrapani's ghost
  6521 | D:7      | Got a twisted chain mail
  6524 | D:7      | Identified the +8 chain mail of Mysticism {Int+5} (You found it on level 7 of the Dungeon)
  6547 | D:7      | XOM: summons friendly white imp
  6626 | D:7      | Found a white marble altar of Elyvilon.
  7002 | D:7      | XOM: cleaving
  7083 | D:7      | XOM: scenery: create altars
  7092 | D:7      | Reached skill level 10 in Maces & Flails
  7163 | D:8      | Reached skill level 1 in Stealth
  7246 | D:8      | Found a sand-covered staircase.
  7332 | D:8      | Reached skill level 1 in Evocations
  7412 | Ossuary  | Entered an ossuary
  7423 | Ossuary  | XOM: mild Summ miscast
  7721 | Ossuary  | Lost mutation: You have a beak for a mouth. [potion of mutation]
  7721 | Ossuary  | Gained mutation: You have a pair of large antennae on your head. (SInv) [potion of mutation]
  7721 | Ossuary  | Gained mutation: Your magical capacity is low. (-10% MP) [potion of mutation]
  7722 | Ossuary  | Gained mutation: You are mostly covered in large bone plates. (SH +6) [potion of mutation]
  7722 | Ossuary  | Gained mutation: Your mind is acute. (Int +2) [potion of mutation]
  7733 | D:8      | XOM: harmless Erth miscast
  7738 | D:8      | Reached skill level 1 in Shields
  7833 | D:8      | XOM: harmless Necr miscast
  7882 | D:8      | XOM: god gift: robe {god gift}
  7991 | D:8      | Noticed Grum
  8004 | D:8      | Killed Grum
  8004 | D:8      | Reached XP level 10. HP: 63/76 MP: 9/9
  8052 | D:8      | XOM: harmless Conj miscast
  8057 | D:8      | XOM: potion effect (brilliance)
  8071 | D:8      | XOM: butterfly on damage
  8103 | D:8      | XOM: blink monster(s)
  8137 | D:8      | Reached skill level 11 in Maces & Flails
  8289 | D:8      | Noticed a three-headed hydra
  8298 | D:8      | Killed a three-headed hydra
  8451 | D:8      | XOM: summons 10 friendly demons
  8591 | D:8      | XOM: give mutations
  8591 | D:8      | Gained mutation: You evolve. [Xom's grace]
  8591 | D:8      | Gained mutation: You possess an exceptional clarity of mind. [Xom's grace]
  8591 | D:8      | Gained mutation: You rapidly evolve. [Xom's grace]
  8591 | D:8      | Gained mutation: You have sharp fingernails. [Xom's grace]
  8879 | D:8      | Found a burning altar of Makhleb.
  8904 | D:8      | Got a shimmering flail
  8907 | D:8      | Identified the +6 flail "ETAOIN SHRDLU" {freeze, rElec rF+} (You found it on level 8 of the Dungeon)
  9128 | D:8      | XOM: harmless Chrm miscast
  9294 | D:9      | Found a staircase to the Lair.
  9471 | Lair:1   | Entered Level 1 of the Lair of Beasts
  9495 | Lair:1   | Lost mutation: You have a pair of large antennae on your head. (SInv) [evolution]
  9575 | Lair:1   | XOM: mild Erth miscast
  9580 | Lair:1   | Noticed a spiny frog
  9589 | Lair:1   | Killed a spiny frog
  9660 | Lair:1   | XOM: potion effect (brilliance)
  9690 | Lair:1   | XOM: harmless Divn miscast
  9698 | Lair:1   | Reached skill level 12 in Maces & Flails
  9731 | Lair:1   | Noticed a spiny frog
  9739 | Lair:1   | XOM: silly message
  9746 | Lair:1   | XOM: confuse monster(s)
  9748 | Lair:1   | Gained mutation: You are completely covered in sharp spines. [demonic ancestry]
  9748 | Lair:1   | Reached XP level 11. HP: 49/83 MP: 10/10
  9774 | Lair:1   | XOM: summons 2 friendly demons
  9782 | Lair:1   | XOM: divination: detect items
  9784 | Lair:1   | XOM: cast spell 'Chain of Chaos'
  9879 | Lair:1   | XOM: give mutations
  9879 | Lair:1   | Gained mutation: Your muscles are strong. (Str +2) [Xom's grace]
  9879 | Lair:1   | Gained mutation: Your spells are a little harder to cast, but a little more powerful. [Xom's grace]
  9921 | Lair:1   | XOM: harmless Tloc miscast
 10061 | Lair:1   | XOM: summons 5 hostile demons
 10065 | Lair:1   | Gained mutation: You sometimes yell uncontrollably at your foes. [a neqoxec]
 10684 | Lair:2   | XOM: destruction
 10695 | Lair:2   | XOM: destruction
 10794 | Lair:2   | XOM: harmless Necr miscast
 10884 | Lair:2   | Noticed a seven-headed hydra
 10889 | Lair:2   | XOM: potion effect (haste)
 10910 | Lair:2   | Killed a seven-headed hydra
 10981 | Lair:2   | XOM: harmless Conj miscast
 11003 | Lair:2   | XOM: confuse monster(s)
 11024 | Lair:2   | XOM: summons 1 hostile shadow creature
 11048 | Lair:2   | Reached skill level 13 in Maces & Flails
 11199 | Lair:2   | Reached skill level 5 in Shields
 11672 | Lair:2   | Gained mutation: You have a pair of large antennae on your head. (SInv) [evolution]
 11829 | Lair:2   | XOM: give mutation
 11829 | Lair:2   | Lost mutation: Your mind is acute. (Int +2) [Xom's mischief]
 11865 | Lair:3   | XOM: enchant monster (good)
 12004 | Lair:3   | XOM: mild Hex miscast
 12101 | Lair:3   | XOM: give mutations
 12101 | Lair:3   | Lost mutation: You possess an exceptional clarity of mind. [Xom's mischief]
 12101 | Lair:3   | Lost mutation: You are mostly covered in large bone plates. (SH +6) [Xom's mischief]
 12151 | Lair:3   | XOM: confuse monster(s)
 12240 | Lair:3   | XOM: summons friendly white imp
 12243 | Lair:3   | Mutation became permanent: You have a pair of large antennae on your head. (SInv) [demonic ancestry]
 12243 | Lair:3   | Reached XP level 12. HP: 80/91 MP: 11/11
 12263 | Lair:3   | Noticed a six-headed hydra
 12272 | Lair:3   | Killed a six-headed hydra
 12297 | Lair:3   | XOM: scenery: 1 doors open, 1 doors close
 12298 | Lair:3   | XOM: destruction
 12694 | Lair:3   | Noticed a death yak
 12694 | Lair:3   | Found a hole to the Spider Nest.
 12701 | Lair:3   | Noticed a death yak
 12704 | Lair:3   | XOM: divine lightning (protected)
 12705 | Lair:3   | XOM: enchant monster (good)
 12707 | Lair:3   | XOM: fog
 12742 | Lair:3   | Killed a death yak
 12752 | Lair:3   | Killed a death yak
 12770 | Lair:3   | XOM: god gift: short fluorescent wand {god gift}
 12838 | Lair:4   | XOM: smoke on damage
 12838 | Lair:4   | XOM: divine lightning
 12849 | Lair:3   | XOM: confuse monster(s)
 13052 | Lair:4   | Found a staircase to the Shoals.
 13264 | Lair:4   | Noticed Josephine
 13271 | Lair:4   | Killed Josephine
 13271 | Lair:4   | XOM: confusion
 13273 | Lair:4   | Noticed a catoblepas
 13275 | Lair:4   | XOM: confuse monster(s)
 13280 | Lair:4   | XOM: harmless Tloc miscast
 13290 | Lair:4   | XOM: polymorph white imp -> ufetubus
 13304 | Lair:4   | XOM: scenery: create altars
 13312 | Lair:4   | XOM: polymorph ufetubus -> white imp
 13327 | Lair:4   | Noticed a dire elephant
 13327 | Lair:4   | a catoblepas changed into a dire elephant
 13327 | Lair:4   | XOM: polymorph catoblepas -> dire elephant
 13332 | Lair:4   | XOM: cast spell 'Necromutation'
 13478 | Lair:3   | XOM: give mutations
 13478 | Lair:3   | Lost mutation: Your muscles are strong. (Str +2) [Xom's mischief]
 13478 | Lair:3   | Lost mutation: You rapidly evolve. [Xom's mischief]
 13478 | Lair:3   | Lost mutation: You evolve. [Xom's mischief]
 13478 | Lair:3   | Gained mutation: Armour fits poorly on your strangely shaped body. [Xom's mischief]
 13595 | Lair:4   | XOM: enchant monster (bad)
 13597 | Lair:4   | XOM: 1-stop teleportation journey
 13598 | Lair:4   | Noticed Urug
 13604 | Lair:4   | XOM: potion effect (agility)
 13606 | Lair:4   | XOM: mild Conj miscast
 13611 | Lair:4   | Killed Urug
 13750 | Lair:4   | XOM: harmless Divn miscast
 13828 | Lair:4   | XOM: destruction
 13851 | Lair:4   | Killed a dire elephant
 13851 | Lair:4   | Reached skill level 14 in Maces & Flails
 13957 | Lair:5   | Noticed a death yak
 13958 | Lair:5   | Noticed a catoblepas
 13975 | Lair:5   | XOM: scenery: create altars
 13984 | Lair:5   | Killed a catoblepas
 13992 | Lair:5   | Killed a death yak
 14295 | Lair:5   | XOM: swap monsters
 14346 | Lair:5   | Found a staircase to the Slime Pits.
 14364 | Lair:5   | Reached skill level 1 in Dodging
 14559 | Lair:5   | XOM: god gift: meat ration
 14637 | Lair:5   | XOM: divination: magic mapping
 14642 | Lair:5   | XOM: confuse monster(s)
 14799 | Lair:5   | XOM: 4-stop teleportation journey
 14825 | Lair:6   | Entered Level 6 of the Lair of Beasts
 14876 | Lair:5   | XOM: god gift: rapier {god gift}
 14914 | Lair:5   | XOM: scenery: create altars
 15128 | Lair:6   | Noticed a seven-headed hydra
 15134 | Lair:6   | XOM: fog
 15147 | Lair:6   | Killed a seven-headed hydra
 15147 | Lair:6   | Gained mutation: You are mostly covered in large bone plates. (SH +6) [demonic ancestry]
 15147 | Lair:6   | Reached XP level 13. HP: 81/99 MP: 12/12
 15171 | Lair:6   | XOM: give mutations
 15171 | Lair:6   | Gained mutation: You are dopey. (Int -2) [Xom's mischief]
 15171 | Lair:6   | Lost mutation: Your spells are a little harder to cast, but a little more powerful. [Xom's mischief]
 15171 | Lair:6   | Lost mutation: Scrolls take you a little longer to read. [Xom's mischief]
 15171 | Lair:6   | Lost mutation: You are dopey. (Int -2) [Xom's mischief]
 15177 | Lair:6   | XOM: swap monsters
 15182 | Lair:6   | XOM: summons friendly quasit
 15183 | Lair:6   | XOM: summons 5 friendly demons
 15184 | Lair:6   | XOM: fog
 15185 | Lair:6   | XOM: enchant monster (good)
 15206 | Lair:6   | XOM: confusion (+ monsters)
 15231 | Lair:6   | XOM: cast spell 'Summon Hydra'
 15233 | Lair:6   | Found a glowing golden altar of the Shining One.
 15292 | Lair:6   | XOM: cloud trail
 15535 | Lair:6   | XOM: scenery: create altars
 15560 | Lair:6   | XOM: severe Tloc miscast
 15626 | Lair:6   | Reached skill level 10 in Armour
 15703 | Lair:6   | XOM: summons 1 hostile demon
 15777 | Lair:6   | XOM: swap monsters
 15893 | Lair:6   | XOM: destruction
 16003 | Lair:6   | XOM: polymorph quasit -> crimson imp
 16012 | Lair:6   | XOM: cleaving
 16013 | Lair:6   | XOM: polymorph death yak -> six-headed hydra
 16070 | Lair:6   | XOM: 1-stop teleportation journey
 16076 | Lair:6   | XOM: summons friendly white imp
 16447 | Lair:6   | XOM: enchant monster (bad)
 16737 | Lair:6   | XOM: cast spell 'Summon Small Mammal'
 16758 | Lair:6   | XOM: summons friendly shadow imp
 16766 | Lair:6   | XOM: confusion (+ monsters)
 16768 | Lair:6   | XOM: enchant monster (good)
 17063 | Lair:6   | XOM: destruction
 17069 | Lair:6   | XOM: scenery: create altars
 17221 | Lair:6   | XOM: 2-stop teleportation journey
 17454 | Lair:6   | XOM: summons 10 friendly demons
 17566 | Lair:6   | XOM: scenery: create altars
 17662 | Lair:6   | XOM: polymorph wolf -> porcupine
 17683 | Lair:6   | XOM: enchant monster (good)
 17713 | Lair:6   | XOM: god gift: scroll of noise
 17775 | Lair:6   | Reached XP level 14. HP: 89/108 MP: 13/13
 17796 | Lair:6   | XOM: fake destruction
 17798 | Lair:6   | XOM: god gift: curved runed staff {god gift}
 17800 | Lair:6   | Reached skill level 15 in Maces & Flails
 17817 | Lair:6   | XOM: polymorph raiju -> basilisk
 17879 | Lair:6   | XOM: harmless Ice miscast
 17897 | Lair:6   | XOM: mild Chrm miscast
 17915 | Lair:6   | XOM: polymorph black bear -> troll
 17961 | Lair:6   | Gained mutation: You are covered in fur. (AC +1) [mutagenic meat]
 17963 | Lair:6   | Gained mutation: Your magical capacity is very low. (-20% MP) [mutagenic meat]
 17964 | Lair:6   | Lost mutation: You sometimes yell uncontrollably at your foes. [mutagenic meat]
 17972 | Lair:6   | XOM: give mutations
 17972 | Lair:6   | Gained mutation: Your body sometimes deteriorates upon taking damage. [Xom's mischief]
 17972 | Lair:6   | Lost mutation: You occasionally shout uncontrollably at your foes. [Xom's mischief]
 17972 | Lair:6   | Lost mutation: You are very agile. (Dex +4) [Xom's mischief]
 18134 | Lair:6   | XOM: polymorph iron imp -> white imp
 18148 | Lair:6   | XOM: summons friendly shadow imp
 18560 | Lair:6   | XOM: summons friendly white imp
 19294 | Lair:6   | XOM: god gift: box of beasts
 19330 | Lair:6   | XOM: divination: detect creatures
 19394 | Lair:6   | XOM: stat loss: -1 Str (16/17)
 19810 | D:10     | Entered Level 10 of the Dungeon
 19828 | D:9      | Found a shimmering altar of Xom.
 19983 | D:9      | Noticed Psyche
 19990 | D:9      | XOM: medium Hex miscast
 19993 | D:9      | Killed Psyche
 20025 | D:9      | XOM: mild Air miscast
 20040 | D:9      | XOM: summons 2 hostile demons
 20527 | D:10     | XOM: noise
 20571 | D:10     | XOM: 2-stop teleportation journey
 20648 | D:10     | Found Taeli's Elemental Accessories.
 21002 | D:10     | XOM: enchant monster (bad)
 21149 | D:10     | XOM: harmless Hex miscast
 21356 | D:11     | Found a flagged portal.
 21376 | Bailey   | Entered a bailey
 22022 | D:11     | XOM: draining
 22089 | D:11     | XOM: give mutation
 22089 | D:11     | Lost mutation: Your body sometimes deteriorates upon taking damage. [Xom's mischief]
 22126 | D:11     | XOM: enchant monster (bad)
 22186 | D:11     | XOM is BORED!
 22186 | D:11     | XOM: give mutations
 22186 | D:11     | Gained mutation: You are frail. (-10% HP) [Xom's mischief]
 22186 | D:11     | Gained mutation: Your flesh is heat resistant. (rF+) [Xom's mischief]
 22186 | D:11     | Gained mutation: You are very frail. (-20% HP) [Xom's mischief]
 22186 | D:11     | Gained mutation: You have large cloven feet. [Xom's mischief]
 22244 | D:11     | Reached skill level 5 in Dodging
 22245 | D:11     | XOM: noise
 22337 | D:11     | XOM: 8-stop teleportation journey
 22380 | D:11     | XOM: mild Air miscast
 22419 | D:11     | XOM: scenery: 1 doors close
 22476 | D:11     | XOM: divination: detect creatures
 22484 | D:12     | Found Kegearaemp's Book Boutique.
 22504 | D:12     | XOM: mild Hex miscast
 22520 | D:12     | XOM: harmless Summ miscast
 22525 | D:12     | XOM: divination: magic mapping
 22535 | D:12     | XOM: summons 4 friendly demons
 22584 | D:12     | XOM: potion effect (curing)
 22629 | D:12     | XOM: fake destruction
 22642 | D:12     | XOM: summons 2 friendly demons
 22651 | D:12     | XOM: potion effect (agility)
 22730 | D:12     | XOM: scenery: 2 fountains blood, 4 doors open, 2 doors close
 23011 | D:12     | Found a staircase to the Orcish Mines.
 23022 | D:12     | Found a roughly hewn altar of Beogh.
 23029 | D:12     | XOM: smoke on damage
 23032 | D:12     | XOM: enchant monster (good)
 23122 | D:12     | Found a portal to a secret trove of treasure.
 23287 | D:12     | XOM: cloud trail
 23994 | D:13     | XOM: fog
 23998 | D:13     | XOM: enchant monster (good)
 24057 | D:13     | XOM: summons friendly ufetubus
 24062 | D:13     | XOM: confuse monster(s)
 24064 | D:13     | XOM: summons 9 friendly demons
 24079 | D:13     | XOM: cast spell 'Call Canine Familiar'
 24294 | D:13     | XOM: give mutations
 24294 | D:13     | Gained mutation: You passively map a small area around you. [Xom's grace]
 24294 | D:13     | Gained mutation: Your mind is acute. (Int +2) [Xom's grace]
 24294 | D:13     | Gained mutation: You are resistant to hostile enchantments. (MR+) [Xom's grace]
 24294 | D:13     | Gained mutation: You have hoof-like feet. [Xom's grace]
 24355 | D:14     | Found a gate to the Vaults.
 24356 | D:14     | XOM: summons 14 friendly demons
 24384 | D:14     | XOM: summons 3 friendly demons
 24593 | D:13     | XOM: give mutations
 24593 | D:13     | Gained mutation: Your mind is very acute. (Int +4) [Xom's grace]
 24593 | D:13     | Gained mutation: You are highly resistant to hostile enchantments. (MR++) [Xom's grace]
 24625 | D:13     | Reached skill level 10 in Fighting
 24884 | D:14     | XOM: summons 2 friendly demons
 24937 | D:14     | XOM: medium Ice miscast
 24947 | D:14     | XOM: confusion
 24952 | D:14     | Noticed Roxanne
 24958 | D:14     | XOM: summons 7 hostile demons
 24959 | D:14     | XOM: blink monster(s)
 25005 | D:14     | XOM: enchant monster (good)
 25026 | D:14     | XOM: cast spell 'Confusing Touch'
 25047 | D:14     | XOM: swap monsters
 25057 | D:14     | Killed Roxanne
 25057 | D:14     | Gained mutation: A demonic guardian rushes to your aid. [demonic ancestry]
 25057 | D:14     | Reached XP level 15. HP: 65/92 MP: 14/14
 25147 | D:14     | Reached skill level 10 in Shields
 25355 | D:14     | Noticed Sonja
 25361 | D:14     | XOM: cast spell 'Spider Form'
 25368 | D:14     | XOM: enchant monster (bad)
 25382 | D:14     | XOM: 3-stop teleportation journey
 25620 | D:14     | XOM: harmless Tloc miscast
 25627 | D:14     | Killed Sonja
 25632 | D:14     | XOM: harmless Tloc miscast
 25748 | D:14     | XOM: summons 2 friendly demons
 25756 | D:14     | XOM: potion effect (haste)
 25778 | D:14     | XOM: summons friendly white imp
 25821 | D:14     | Lost mutation: Your magical capacity is very low. (-20% MP) [mutagenic meat]
 25822 | D:14     | Lost mutation: Your magical capacity is low. (-10% MP) [mutagenic meat]
 26040 | D:14     | Lost mutation: Armour fits poorly on your strangely shaped body. [mutagenic meat]
 26611 | D:15     | Entered Level 15 of the Dungeon
 26611 | D:15     | Noticed a tengu reaver
 26611 | D:15     | XOM: give mutations
 26611 | D:15     | Gained mutation: You can translocate small distances at will. [Xom's grace]
 26611 | D:15     | Gained mutation: You have hooves in place of feet. [Xom's grace]
 26612 | D:15     | Found Feomen's Book Shoppe.
 26612 | D:15     | XOM: fog
 26613 | D:15     | Noticed a tengu reaver
 26614 | D:15     | Noticed a frost giant
 26622 | D:15     | Killed a tengu reaver
 26625 | D:15     | Noticed a fire giant
 26625 | D:15     | XOM: butterfly on damage
 26630 | D:15     | XOM: summons friendly white imp
 26935 | D:15     | XOM: 2-stop teleportation journey
 27254 | D:15     | Killed a fire giant
 27392 | D:15     | XOM: summons 7 friendly demons
 27401 | D:15     | Killed a tengu reaver
 27410 | D:15     | Noticed a deep elf sorcerer
 27417 | D:15     | Killed a deep elf sorcerer
 27418 | D:15     | XOM: divination: detect items
 27421 | D:15     | Noticed a lich
 27438 | D:15     | Mangled by a cyclops

Skill      XL: |  1  2  3  4  5  6  7  8  9 10 11 12 13 14 15 |
---------------+----------------------------------------------+-----
Maces & Flails | 3 4 5 7 8 10 12 13 14 15 | 15.7
Armour         | 2 3 4 5 6 7 8 9 10 11 | 11.8
Fighting       | 4 5 6 7 8 9 10 | 10.2
Stealth        | 1 2 3 4 |  4.6
Evocations     | 1 4 |  4.9
Shields        | 1 3 5 6 8 9 10 | 10.4
Dodging        | 1 4 5 6 |  6.4
Unarmed Combat | |  0.3

Action                   |  1- 3 |  4- 6 |  7- 9 | 10-12 | 13-15 || total
-------------------------+-------+-------+-------+-------+-------++-------
Melee: Mace              |    49 |    61 |   143 |   125 |       ||   378
       Peck              |       |    34 |    88 |       |       ||   122
       Flail             |       |   206 |   245 |   514 |  1317 ||  2282
       Kick              |       |       |       |       |    29 ||    29
       Unarmed           |       |       |       |       |     9 ||     9
Evoke: Wand              |       |     2 |     7 |     8 |    27 ||    44
  Use: Potion            |     3 |     1 |     4 |     8 |    11 ||    27
       Scroll            |     1 |     8 |    15 |     9 |    20 ||    53
 Stab: Distracted        |       |       |     2 |     6 |     5 ||    13
       Confused          |       |       |       |     7 |    12 ||    19
       Paralysed         |       |       |       |     2 |     2 ||     4
       Petrifying        |       |       |       |     1 |       ||     1
       Petrified         |       |       |       |     1 |       ||     1
  Eat: Chunk             |       |     9 |    12 |    15 |    32 ||    68
       Fruit             |       |     1 |     3 |     5 |    21 ||    30
       Meat ration       |       |       |     1 |     1 |       ||     2
Armor: Leather armour    |     6 |       |       |       |       ||     6
       Plate armour      |    54 |   204 |   128 |       |       ||   386
       Chain mail        |       |       |    58 |   195 |   368 ||   621
       Skin              |       |       |       |       |     2 ||     2
Dodge: Dodged            |    28 |    52 |    61 |    80 |   443 ||   664
Block: Other             |     3 |    34 |    31 |       |       ||    68
       Shield            |       |       |    81 |   395 |  1150 ||  1626
